Map: Galactic Process LE

Players

calisco

  • Race: Zerg Zerg
  • League: Silver

Gracz - Winner!

  • Race: Protoss Protoss
  • League: Bronze

VOD

Have the link to the VOD?

Description

Time

  • Played on: Sept. 18, 2016, 2:09 p.m.
  • Length: 15:37
Show
View Real Time Build Order
Export as new Build Order

calisco Zerg 

Build Orders: Pool First 

Get SALT Encoding   

  12  0:29  Spawning Pool  
  12  0:34  Overlord  
  11  0:36  Drone  
  11  0:37  Drone  
  13  1:14  Drone  
  13  1:15  Drone x2  
  16  1:25  Extractor  
  16  1:28  Zergling x2  
  16  1:30  Queen  
  18  1:44  Zergling x2  
  19  1:55  Zergling x2  
  20  2:17  Zergling x4  
  22  2:49  Spine Crawler  
  21  2:54  Drone  
  21  2:57  Spine Crawler, Overlord  
  16  3:56  Lair  
  16  4:07  Spine Crawler  
  15  4:12  Spine Crawler  
  14  4:17  Spine Crawler  
  14  4:18  Drone x2  
  14  4:19  Drone x5  
  20  4:30  Extractor  
  19  4:33  Overlord  
  19  4:59  Hatchery  
  18  5:03  Drone x4  
  18  5:04  Drone  
  23  5:09  Queen  
  25  5:15  Overlord  
  25  5:39  Overseer  
  25  5:42  Overseer  
  25  5:51  Spire  
  24  6:30  Overlord  
  24  6:31  Drone  
  25  6:34  Queen  
  27  6:56  Drone x3  
  30  7:06  Mutalisk x3  
  36  7:15  Extractor  
  36  7:19  Extractor  
  34  7:28  Drone  
  34  7:29  Drone  
  36  7:42  Mutalisk x2  
  40  8:00  Drone x3  
  40  8:01  Drone x2  
  45  8:23  Mutalisk x3  
  51  8:36  Drone x6  
  57  9:05  Mutalisk  
  57  9:09  Overlord x3  
  59  9:10  Overlord  
  59  9:26  Corruptor  
  59  9:28  Mutalisk  
  63  10:08  Mutalisk  
  63  10:09  Mutalisk x6  
  61  12:53  Mutalisk x3  
  61  12:54  Mutalisk x6  
  79  13:15  Corruptor x2  
  83  13:34  Spore Crawler  
  83  13:39  Spore Crawler x2  
  83  13:40  Spore Crawler  
  79  14:23  Hatchery  
Show
View Real Time Build Order
Export as new Build Order

Gracz Protoss - Winner!

Build Orders: 1 Gate Expand 

Get SALT Encoding   

  12  0:02  Probe (Chrono Boost)  
  13  0:13  Probe (Chrono Boost)  
  14  0:19  Pylon  
  14  0:23  Probe (Chrono Boost)  
  15  0:31  Assimilator  
  15  0:38  Probe (Chrono Boost)  
  16  0:48  Gateway  
  17  0:57  Probe (Chrono Boost)  
  17  1:07  Probe (Chrono Boost)  
  18  1:30  Nexus, Probe (Chrono Boost)  
  19  1:37  Zealot  
  21  1:40  Probe (Chrono Boost)  
  22  1:53  Gateway, Probe (Chrono Boost)  
  23  2:04  Pylon  
  23  2:22  Probe (Chrono Boost), Zealot  
  26  2:38  Zealot  
  28  2:45  Zealot  
  30  3:02  Zealot  
  30  3:09  Zealot  
  33  3:25  Zealot  
  33  3:33  Zealot  
  36  3:49  Zealot  
  36  3:51  Probe x2 (Chrono Boost)  
  40  3:56  Zealot  
  40  3:58  Assimilator  
  44  4:03  Probe x2 (Chrono Boost)  
  44  4:15  Probe (Chrono Boost)  
  44  4:16  Probe (Chrono Boost)  
  46  4:29  Pylon  
  46  4:35  Gateway  
  46  4:38  Cybernetics Core  
  46  4:41  Gateway  
  46  4:43  Gateway, Zealot x2  
  46  4:49  Probe x2 (Chrono Boost)  
  46  4:50  Pylon  
  52  4:53  Pylon  
  52  4:58  Pylon  
  54  5:01  Probe x2 (Chrono Boost)  
  54  5:05  Warp Gate  
  54  5:09  Zealot  
  54  5:13  Probe x2 (Chrono Boost)  
  58  5:25  Probe (Chrono Boost)  
  59  5:37  Probe (Chrono Boost)  
  60  5:43  Pylon  
  60  5:45  Pylon  
  60  5:49  Pylon, Probe (Chrono Boost)  
  61  5:51  Pylon  
  61  5:54  Pylon  
  61  5:57  Pylon  
  61  5:58  Assimilator  
  61  6:00  Assimilator  
  61  6:01  Probe (Chrono Boost)  
  61  6:02  Pylon  
  61  6:04  Mothership Core (Chrono Boost)  
  64  6:05  Pylon  
  64  6:08  Pylon  
  64  6:15  Stargate  
  64  6:16  Stargate  
  64  6:19  Stargate  
  64  6:20  Stargate  
  64  6:31  Stargate  
  64  6:33  Zealot  
  64  6:37  Zealot x2  
  70  6:54  Forge  
  70  6:55  Forge  
  70  6:57  Forge  
  70  7:01  Twilight Council  
  70  7:21  Gateway  
  70  7:24  Gateway  
  70  7:26  Void Ray  
  74  7:48  Probe (Chrono Boost), Zealot  
  74  7:49  Zealot x4  
  85  7:53  Protoss Ground Weapons Level 1, Protoss Ground Armor Level 1  
  86  8:00  Probe (Chrono Boost)  
  86  8:02  Cybernetics Core  
  86  8:16  Robotics Facility  
  86  8:18  Robotics Facility, Zealot  
  88  8:34  Zealot x2  
  88  8:35  Zealot  
  94  8:56  Nexus  
  94  8:59  Probe (Chrono Boost)  
  94  9:00  Probe (Chrono Boost)  
  96  9:03  Pylon  
  96  9:10  Void Ray  
  96  9:12  Probe (Chrono Boost)  
  101  9:21  Probe (Chrono Boost)  
  101  9:24  Probe (Chrono Boost)  
  103  9:26  Charge  
  104  9:33  Probe (Chrono Boost)  
  104  9:39  Void Ray  
  110  9:46  Probe (Chrono Boost)  
  110  9:47  Probe (Chrono Boost)  
  110  9:58  Probe (Chrono Boost)  
  111  10:03  Zealot x3  
  111  10:04  Zealot  
  119  10:07  Protoss Air Weapons Level 1, Protoss Air Armor Level 1  
  119  10:10  Void Ray  
  102  11:14  Void Ray  
  102  11:15  Void Ray x3  
  105  12:18  Void Ray  
  105  12:19  Void Ray x2  
  116  12:54  Probe x3 (Chrono Boost)  
  122  13:06  Probe x3 (Chrono Boost)  
  122  13:18  Probe x3 (Chrono Boost)  
  125  13:25  Void Ray  
  129  13:30  Probe (Chrono Boost)  
  130  14:13  Void Ray x3  
Tags
 
Add a new tag
Caveats
  • Supply blocks, unpowered buildings, or Contaminate may cause inaccurate times.
  • Supply counts are checked every 10 seconds.